[Event "Gibraltar Challengers B 2020"]
[Site "Caleta"]
[Date "2020.01.26"]
[Round "2.40"]
[White "Lafour, Jephte"]
[Black "Garcia Rodriguez, Inaki"]
[Result "0-1"]
[ECO "C44"]
[WhiteElo "1690"]
[BlackElo "1944"]
[Annotator "NA"]
[PlyCount "108"]
[EventDate "2020.01.20"]
[EventType "swiss"]
[EventCountry "GGB"]
[SourceTitle "playchess.com"]
[Source "ChessBase"]
[SourceQuality "1"]
[TimeControl "6600+10"]

1. e4 e5 2. Nf3 Nf6 3. d3 Nc6 4. g3 d5 5. Nbd2 dxe4 6. dxe4 Bg4 7. Bg2 Qd7 8. O-O O-O-O 9. c3 Nxe4 10. Qa4 Nc5 11. Qb5 a6 12. Qe2 f5 13. Qe3 e4 14. Ne1 Nd3 (14... h5 $19 15. Nb3 Qd5) 15. Nxd3 Qxd3 16. Qxd3 Rxd3 17. f3 (17. Nc4 $17) 17... e3 $2 (17... Bc5+ $19 18. Kh1 e3) 18. Nb3 $17 e2 19. Re1 Bxf3 20. Bxf3 Rxf3 21. Rxe2 Bd6 22. Kg2 Rd3 23. Bd2 Rd8 24. Rae1 h6 25. Be3 g5 26. Nc1 Rd5 27. c4 Ra5 28. a3 f4 29. Bd2 Rf5 30. g4 Rf7 31. Re8 Rxe8 32. Rxe8+ Kd7 33. Re4 f3+ 34. Kf2 Bxh2 35. Nd3 Bd6 36. b4 b5 37. c5 Bf8 38. Ne1 Bg7 39. Nd3 Bd4+ 40. Kf1 Re7 41. Rxe7+ Kxe7 42. Be1 Ke6 43. Bf2 Kd5 44. Ne1 Ke4 45. Bg3 Be5 46. Bf2 Bf4 47. Nc2 Ne5 48. Nd4 Nxg4 49. Ne6 Be3 50. Bg3 f2 51. Nxc7 Kf3 52. Nd5 Kxg3 53. c6 Kf3 54. c7 Nh2# 0-1

[Event "Gibraltar Challengers B 2020"]
[Site "Caleta"]
[Date "2020.01.26"]
[Round "2.43"]
[White "Hng, Mei-Xian Eunice"]
[Black "Fischer, Robert"]
[Result "1-0"]
[ECO "C21"]
[WhiteElo "1661"]
[BlackElo "1923"]
[Annotator "NA"]
[PlyCount "59"]
[EventDate "2020.01.20"]
[EventType "swiss"]
[EventCountry "GGB"]
[SourceTitle "playchess.com"]
[Source "ChessBase"]
[SourceQuality "1"]
[TimeControl "6600+10"]

1. e4 e5 2. d4 exd4 3. c3 Qe7 4. cxd4 Qxe4+ 5. Be3 Bb4+ 6. Nc3 Nf6 7. Qd2 Qc6 8. Rc1 O-O 9. a3 Ne4 10. Qd3 Bxc3+ $1 11. bxc3 $17 d5 12. Nf3 Bf5 13. Nh4 Be6 14. Qc2 Nd7 15. Bd3 Rfe8 16. O-O Nf8 17. c4 Nd6 18. c5 Nc4 19. Qb3 b5 20. Nf3 Ng6 21. Ng5 Bd7 22. Rfe1 Qf6 23. Nf3 Nf4 24. Bb1 Bg4 25. Ne5 Ne2+ 26. Rxe2 Bxe2 27. Qc2 Nxe3 28. Qxh7+ Kf8 29. Nd7+ Ke7 30. Nxf6 1-0

[Event "Gibraltar Challengers B 2020"]
[Site "Caleta"]
[Date "2020.01.27"]
[Round "3.14"]
[White "Osuna Vega, Enrique"]
[Black "Patola, Eero"]
[Result "1-0"]
[ECO "B01"]
[WhiteElo "2129"]
[BlackElo "1831"]
[Annotator "RC"]
[PlyCount "133"]
[EventDate "2020.01.20"]
[EventType "swiss"]
[EventCountry "GGB"]
[SourceTitle "playchess.com"]
[Source "ChessBase"]
[SourceQuality "1"]
[TimeControl "6600+10"]

1. e4 d5 2. exd5 Nf6 3. d4 Nxd5 4. c4 Nb6 5. Nf3 Bg4 6. c5 Nd5 7. Qb3 Bc8 8. Nc3 c6 9. Bg5 Nf6 10. Bc4 e6 11. O-O Be7 12. Qc2 h6 13. Bh4 O-O 14. Rad1 Nd5 15. Bxe7 Qxe7 16. Rfe1 Qd8 17. a3 Nd7 18. Ba2 N7f6 19. Bb1 Ne7 20. Ne4 Ng6 21. Ne5 Qc7 22. Nxf6+ gxf6 23. Nxg6 fxg6 24. Qxg6+ Qg7 25. Qe4 f5 26. Qe5 Qxe5 27. dxe5 Kf7 28. Rd6 a5 29. b3 Ke7 30. Red1 Rb8 31. Bc2 Re8 32. f4 Rg8 33. R1d4 Ra8 34. Kf2 Ra6 35. Bd3 Ra8 36. g3 Rb8 37. Ra4 Ra8 38. Rad4 Rb8 39. Be2 Ra8 40. Kg2 b6 41. cxb6 c5 42. Bf3 Rb8 43. Ra4 Rd8 44. Rxd8 Kxd8 45. Be2 Rxb6 46. Bc4 Bb7+ 47. Kh3 Ba6 48. Rxa5 Bxc4 49. bxc4 Rb3 50. Rxc5 Rxa3 51. Kh4 Ra2 52. h3 Ra3 53. Rc6 Kd7 54. Rd6+ Ke7 55. g4 Rf3 56. Rd4 fxg4 57. hxg4 Kf7 58. Rd7+ Kg6 59. Re7 Rxf4 60. Rxe6+ Kg7 61. c5 Rc4 62. c6 Rc5 63. Kg3 Rc4 64. Kf3 Kh7 65. Rd6 Kg7 66. Rd7+ Kf8 67. c7 1-0

[Event "Gibraltar Challengers B 2020"]
[Site "Caleta"]
[Date "2020.01.27"]
[Round "3.19"]
[White "Fabregas, Oliver"]
[Black "Gonzalez Gonzalez, Alfonso"]
[Result "0-1"]
[ECO "B28"]
[WhiteElo "1951"]
[BlackElo "2100"]
[Annotator "ChessBase"]
[PlyCount "72"]
[EventDate "2020.01.20"]
[EventType "swiss"]
[EventCountry "GGB"]
[SourceTitle "playchess.com"]
[Source "ChessBase"]
[SourceQuality "1"]
[TimeControl "6600+10"]

1. e4 c5 2. Nf3 a6 3. d3 g6 4. g3 Bg7 5. Bg2 Nc6 6. O-O Nf6 7. c3 O-O 8. Nbd2 d6 9. a3 b5 10. h3 Bb7 11. Ne1 d5 12. Qe2 e5 13. exd5 Nxd5 14. Ne4 Qe7 15. Bg5 f6 16. Be3 Nxe3 17. Qxe3 c4 18. dxc4 bxc4 19. Qc5 Rab8 20. Qxc4+ Kh8 21. b4 f5 22. Nc5 e4 23. Nc2 Ne5 24. Qe6 Qxe6 25. Nxe6 Rfc8 26. Nc5 Nd3 27. Nxb7 Rxc3 28. Ra2 Rxb7 29. Ne3 Bd4 30. g4 Nxf2 31. Nc2 Nxh3+ 32. Kh2 Be5+ 33. Kh1 Nf4 34. gxf5 gxf5 35. Re1 Nxg2 36. Kxg2 Rg7+ 0-1

[Event "Gibraltar Challengers B 2020"]
[Site "Caleta"]
[Date "2020.01.27"]
[Round "3.20"]
[White "Schouten, Freek"]
[Black "Maldonado Mena, German"]
[Result "1-0"]
[ECO "D30"]
[WhiteElo "2084"]
[BlackElo "1946"]
[Annotator "NA"]
[PlyCount "75"]
[EventDate "2020.01.20"]
[EventType "swiss"]
[EventCountry "GGB"]
[SourceTitle "playchess.com"]
[Source "ChessBase"]
[SourceQuality "1"]
[TimeControl "6600+10"]

1. d4 d5 2. Nf3 e6 3. c4 a6 4. g3 dxc4 5. Bg2 b5 6. Ne5 {[%emt 0:03:20] D30: Queen's Gambit Declined: Systems without Nc3} c6 7. O-O Bb7 8. a4 Qc7 $146 ({Predecessor:} 8... Nf6 $11 {remains equal.} 9. b3 cxb3 10. Nc3 b4 11. Ne4 Nxe4 12. Bxe4 Ra7 13. Be3 c5 14. Bxb7 Rxb7 15. dxc5 {1-0 (34) Inarkiev,E (2693)-Di Nicolantonio,L (2389) Sitges 2018}) 9. b3 cxb3 10. Qxb3 Bd6 11. Nd3 Nd7 12. Nc3 Ngf6 13. e4 e5 14. dxe5 Nxe5 15. Nxe5 Bxe5 16. Ba3 Bc8 {[%emt 0:11:49] [#]} 17. Rac1 $1 Be6 18. Qb1 Bc4 $1 19. Rfd1 Qb6 20. Nxb5 axb5 {[%emt 0:11:01] [#]} 21. Rxc4 $1 {[%emt 0:00:30] Pin} Qc7 22. Rcc1 (22. Rc2 $142) 22... Rxa4 23. Bb4 g5 24. Bf1 Qb6 25. Rc5 Nd7 {[%emt 0:01:31] [#]} 26. Rxd7 $1 {[%emt 0:00:22] Remove Defender} Kxd7 27. Rxe5 Qd4 28. Rd5+ cxd5 29. Bxb5+ {[%emt 0:00:02] Double Attack} Ke6 30. exd5+ Kf6 31. Bxa4 Ra8 $2 (31... Rb8) 32. Be7+ Kg7 {[%emt 0:00:08] [#]} 33. Qf5 $1 Qd2 34. Bf6+ Kf8 35. Bc6 Rb8 36. Qxh7 Qe1+ 37. Kg2 Qe4+ 38. Qxe4 {[%emt 0:00:13] Ke8} 1-0

[Event "Gibraltar Challengers B 2020"]
[Site "Caleta"]
[Date "2020.01.27"]
[Round "3.21"]
[White "Mao, Yingzhou"]
[Black "Stolniceanu, Victor-Dumitru"]
[Result "0-1"]
[ECO "D02"]
[WhiteElo "1948"]
[BlackElo "2074"]
[Annotator "NA"]
[PlyCount "88"]
[EventDate "2020.01.20"]
[EventType "swiss"]
[EventCountry "GGB"]
[SourceTitle "playchess.com"]
[Source "ChessBase"]
[SourceQuality "1"]
[TimeControl "6600+10"]

1. d4 d5 2. Nf3 Nf6 3. g3 g6 4. Bg2 Bg7 5. O-O Nc6 6. b3 Ne4 7. Bb2 O-O 8. Nbd2 Qd6 9. Nxe4 dxe4 10. Ng5 f5 11. e3 e5 12. d5 Ne7 13. c4 c6 14. dxc6 Qxc6 15. Qe2 h6 16. Nh3 Be6 17. Ba3 Rfe8 18. Rad1 Qa6 19. Bd6 g5 20. Nxg5 hxg5 21. Qh5 g4 22. Qg5 Kf7 23. Qh5+ Ng6 24. h3 Rh8 25. hxg4 Rxh5 26. gxh5 Ne7 27. g4 Rd8 28. c5 Qxa2 29. g5 Nd5 30. Ra1 Qc2 31. Rxa7 Rxd6 32. cxd6 Qc6 33. Rfa1 Bc8 34. Bf1 Nb6 35. Rd1 Bf8 36. Raa1 Bxd6 37. Bb5 Qc7 38. Kf1 f4 39. Rac1 Bh3+ 40. Kg1 Qe7 41. Kh2 Bg4 42. g6+ Kg7 43. Rd2 Qh4+ 44. Kg1 Bf3 0-1

[Event "Gibraltar Challengers B 2020"]
[Site "Caleta"]
[Date "2020.01.27"]
[Round "3.22"]
[White "Hamer, Martyn"]
[Black "Ruiz Buendia, Miguel"]
[Result "1-0"]
[ECO "D00"]
[WhiteElo "2069"]
[BlackElo "1917"]
[Annotator "NA"]
[PlyCount "97"]
[EventDate "2020.01.20"]
[EventType "swiss"]
[EventCountry "GGB"]
[SourceTitle "playchess.com"]
[Source "ChessBase"]
[SourceQuality "1"]
[TimeControl "6600+10"]

1. d4 Nf6 2. Nc3 d5 3. Bf4 e6 4. Nb5 Bd6 5. Nxd6+ cxd6 6. e3 Nc6 7. Nf3 O-O 8. Bd3 Re8 9. Bg5 e5 10. Be2 h6 11. Bxf6 Qxf6 12. dxe5 dxe5 13. Qxd5 Be6 14. Qb5 Qg6 15. O-O e4 16. Ne1 Bf5 17. f4 exf3 18. Rxf3 Bg4 19. Rg3 Bxe2 20. Qxe2 Qe4 21. Qd3 Rad8 22. Qxe4 Rxe4 23. Nd3 Ne5 (23... Rc4 $5 ) 24. Nxe5 Rxe5 25. Rf3 Rd2 26. Rf2 Red5 27. Re1 f6 28. Kf1 Kf7 29. Rxd2 Rxd2 30. Re2 Rd1+ 31. Kf2 Ke6 32. c4 b6 33. Kf3 Ke5 34. b3 a5 35. h3 Rf1+ 36. Rf2 Rd1 37. Rc2 Kd6 38. Ke2 Rg1 39. Kd3 Kc5 40. Ke4 g6 ({Better is} 40... Rf1 $14) 41. Rf2 a4 42. g4 (42. bxa4 $16 f5+ 43. Ke5) 42... axb3 $2 (42... a3 $1 $11 {and Black is okay.}) 43. axb3 h5 44. Rxf6 hxg4 45. Rxg6 g3 46. Kf3 Rf1+ 47. Kg2 Rb1 48. Rg5+ Kd6 $18 49. Rb5 {[%emt 0:00:48] Kd5} 1-0

[Event "Gibraltar Challengers B 2020"]
[Site "Caleta"]
[Date "2020.01.27"]
[Round "3.23"]
[White "Garcia Rodriguez, Inaki"]
[Black "Ungureanu, Sandu"]
[Result "1-0"]
[ECO "D00"]
[WhiteElo "1944"]
[BlackElo "2066"]
[Annotator "NA"]
[PlyCount "70"]
[EventDate "2020.01.20"]
[EventType "swiss"]
[EventCountry "GGB"]
[SourceTitle "playchess.com"]
[Source "ChessBase"]
[SourceQuality "1"]
[TimeControl "6600+10"]

1. d4 d5 2. Bg5 g6 3. e3 Bg7 4. Nf3 c5 (4... Nf6 5. c3 O-O 6. Nbd2 Nbd7 7. Be2 c5 8. a4 Re8 9. O-O e5 10. Bb5 cxd4 11. cxd4 exd4 12. Nxd4 a6 13. Bxd7 Qxd7 14. Qb3 h6 15. Bh4 {1-0 (69) Megaranto,S (2548)-Kopylov,A (2420) Moscow 2015}) 5. c4 cxd4 6. exd4 {[%emt 0:00:16] D00: 1 d4 d5: Unusual lines} Bg4 $146 ({Predecessor:} 6... Nf6 7. Nc3 dxc4 8. Bxc4 O-O 9. Ne5 Qb6 10. O-O Nc6 11. Nxc6 bxc6 12. Bb3 Rd8 13. Qf3 Qxd4 14. Rad1 Qb6 15. Na4 Qa5 16. Qc3 {1-0 (33) Gaerths,R (2219)-Buttkus,A (2071) Berlin 2011}) 7. Nc3 h6 8. Bh4 ({White should play} 8. Be3 $14) 8... g5 9. Bg3 Nf6 10. Qb3 Bxf3 11. gxf3 b6 (11... Nc6 $14) 12. cxd5 O-O (12... Nh5 $142 13. Bb5+ Kf8) 13. Bg2 Na6 14. f4 Nh5 15. fxg5 Bxd4 16. Qd1 Bxc3+ 17. bxc3 Nxg3 18. hxg3 Qc7 19. Qd4 ({Weaker is} 19. gxh6 Qxc3+ 20. Kf1 Rad8 $18) 19... e5 20. Qe3 Rac8 21. Rc1 Qc5 22. Qd2 h5 $2 (22... e4 23. gxh6 Qe7) 23. Qe2 Qa3 24. O-O $2 (24. Rc2 h4 25. Rxh4) 24... Nb8 (24... Rcd8 $142 25. Qxh5 Qd6) 25. Qxh5 Qd6 26. Be4 Rfd8 27. Kg2 Rc4 28. Qh7+ (28. Rh1 $142 Kf8 {[#]} 29. Qf3 $1 Rxe4 30. Rh6) 28... Kf8 29. g6 fxg6 30. f4 exf4 31. Rxf4+ Qxf4 32. gxf4 Rxe4 33. Qxg6 Re7 34. Rh1 Red7 35. Qf6+ Ke8 1-0

[Event "Gibraltar Challengers B 2020"]
[Site "Caleta"]
[Date "2020.01.27"]
[Round "3.24"]
[White "Karlsson, Jorgen"]
[Black "Ankitha, Goud Palle"]
[Result "1/2-1/2"]
[ECO "A47"]
[WhiteElo "2054"]
[BlackElo "1761"]
[Annotator "NA RC"]
[PlyCount "162"]
[EventDate "2020.01.20"]
[EventType "swiss"]
[EventCountry "GGB"]
[SourceTitle "playchess.com"]
[Source "ChessBase"]
[SourceQuality "1"]
[TimeControl "6600+10"]

1. d4 Nf6 2. Bf4 e6 3. e3 b6 4. Nd2 Bb7 5. h3 c5 6. Ngf3 cxd4 7. exd4 Be7 8. Bd3 O-O 9. c3 d6 10. O-O Nbd7 11. Qe2 Re8 12. Rad1 Bf8 13. Nc4 Qc7 14. Rfe1 Rac8 15. Ne3 e5 16. dxe5 Nxe5 17. Nxe5 dxe5 18. Bh2 Qc5 19. Ng4 Nxg4 20. hxg4 f6 (20... e4 $11 21. Bc2 Rcd8) 21. Bf5 Rcd8 22. Be6+ Kh8 23. Bf7 Rxd1 24. Rxd1 Rc8 25. g5 fxg5 26. Qxe5 Qxe5 27. Bxe5 Bc6 28. b4 Be7 29. Re1 Bf8 30. Re3 Rd8 31. Bb3 b5 32. a3 a6 33. c4 (33. Bd4 $16) 33... bxc4 $1 34. Bxc4 Bb5 35. Bb3 Bc6 36. Bc7 Rc8 37. Ba5 Bd7 38. Rd3 Bb5 39. Rd8 Rxd8 40. Bxd8 h6 41. Ba5 Kh7 42. Bc2+ Kg8 43. Bg6 Bd6 44. Bb6 Be5 45. Bc2 Kf7 46. a4 Bc6 47. Bd3 Bxa4 48. Bxa6 Ke6 49. Bc4+ Kd7 50. b5 Kc8 51. Bc5 Kc7 52. Kf1 Bc2 53. Ke2 Be4 54. f3 Bb7 55. g4 Kd7 56. Bf7 Kc7 57. Be6 Kb8 58. Ke3 Bf4+ 59. Kf2 Be5 60. Bb6 Ba8 61. Be3 Bb7 62. Bf7 Kc7 63. Bc5 Kd7 64. Ke2 Kc7 65. b6+ Kb8 66. Bc4 Kc8 67. Bd3 Kb8 68. Bf8 Bc6 69. Be4 Bxe4 70. fxe4 Kb7 71. Bc5 g6 72. Be3 h5 73. Kf3 Kc6 74. Bxg5 Kxb6 75. Be3+ Kc6 76. gxh5 gxh5 77. Bg5 Kd7 78. Kg2 Ke6 79. Kh3 $11 Bd4 80. Kh4 Ke5 81. Kxh5 Kxe4 1/2-1/2

[Event "Gibraltar Challengers B 2020"]
[Site "Caleta"]
[Date "2020.01.27"]
[Round "3.25"]
[White "Martinez Lopez, Jaume"]
[Black "Ashwani, Kumar Grover"]
[Result "1-0"]
[ECO "D02"]
[WhiteElo "2042"]
[BlackElo "1731"]
[Annotator "NA"]
[PlyCount "81"]
[EventDate "2020.01.20"]
[EventType "swiss"]
[EventCountry "GGB"]
[SourceTitle "playchess.com"]
[Source "ChessBase"]
[SourceQuality "1"]
[TimeControl "6600+10"]

1. d4 Nf6 2. Nf3 d5 3. Bf4 e6 4. e3 b6 5. Nbd2 Bb7 6. Bd3 Bd6 {[%emt 0:00:15] D02: 1 d4 d5 2 Nf3 sidelines, including 2...Nf6 3 g3 and 2...Nf6 3 Bf4} 7. Bg3 Nbd7 8. Ne5 a6 $146 ({Predecessor:} 8... O-O 9. O-O Ne4 10. Nxe4 dxe4 11. Bb5 Nxe5 12. dxe5 Be7 13. Qg4 Qd5 {½-½ (61) Prohaszka,P (2614)-Sturt,R (2446) Saint Louis 2017}) 9. O-O Qe7 10. c3 Ne4 11. Bxe4 dxe4 12. Qg4 O-O (12... h5 $17 13. Qh4 (13. Qxg7 Bxe5 14. Bxe5 O-O-O $17) 13... Qxh4 14. Bxh4 Nxe5 15. dxe5 Bxe5) 13. Bh4 f6 14. Nec4 g5 15. Nxd6 cxd6 16. Bg3 f5 17. Qh5 f4 18. exf4 gxf4 19. Bh4 Qg7 20. Qg5 d5 21. Rfe1 Rae8 22. c4 Qxg5 23. Bxg5 Rf5 24. Bh4 (24. h4 $15) 24... Rh5 25. g3 Kf7 26. cxd5 exd5 27. Rac1 Ke6 28. Rc7 Rb8 29. Rec1 Kd6 30. Kg2 f3+ (30... Nc5 $14 31. Rf7 Nd3 32. Rf6+ Kd7) 31. Kf1 ({White has to play} 31. Kg1 $16) 31... a5 32. Kg1 Nc5 33. Rf7 Nd7 $2 (33... Nd3 $1 $11 34. Rcc7 Bc8) 34. Nf1 Rg8 35. Kh1 Rc8 36. Rxc8 Bxc8 37. Ne3 Ke6 $2 (37... Nc5 {keeps fighting.} 38. dxc5+ bxc5) 38. Rg7 a4 39. a3 Ba6 (39... Nf6 {keeps fighting.} 40. Rc7 Rxh4 41. gxh4 Bd7) 40. Ng4 $18 (40. Re7+ $142 Kd6 41. g4 Rxh4 42. Nf5+ {[%mdl 64] Double Attack} Kc7 43. Nxh4) 40... Bc4 41. Re7+ 1-0

[Event "Gibraltar Challengers B 2020"]
[Site "Caleta"]
[Date "2020.01.27"]
[Round "3.26"]
[White "Pakmor, Claus"]
[Black "Lung, Liviu-Catalin"]
[Result "1-0"]
[ECO "B76"]
[WhiteElo "1937"]
[BlackElo "2041"]
[Annotator "NA"]
[PlyCount "68"]
[EventDate "2020.01.20"]
[EventType "swiss"]
[EventCountry "GGB"]
[SourceTitle "playchess.com"]
[Source "ChessBase"]
[SourceQuality "1"]
[TimeControl "6600+10"]

1. e4 c5 2. Nf3 d6 3. d4 cxd4 4. Nxd4 Nf6 5. Nc3 g6 6. Be3 Bg7 7. f3 O-O 8. Qd2 Nc6 9. O-O-O Nxd4 10. Bxd4 Be6 11. Kb1 Qc7 12. h4 Rfc8 13. h5 Qa5 14. hxg6 hxg6 {[%emt 0:07:58] [#]} 15. a3 $1 Rab8 16. Nd5 {[%emt 0:11:13] B76: Sicilian Dragon: Yugoslav Attack, 9 g4 and 9 0-0-0} Qxd2 17. Rxd2 Bxd5 18. exd5 a6 19. g3 Nh5 20. Bf2 b5 21. f4 $146 ({Predecessor:} 21. c3 a5 22. Rh4 Rc7 23. Ka2 Nf6 24. Be3 Nd7 25. a4 bxa4 26. Rxa4 Nc5 {½-½ (26) Podlesnik,B (2410)-Kozul,Z (2580) Maribor 1996}) 21... Nf6 22. Bg2 b4 23. a4 b3 24. c3 Ng4 25. Bg1 Rc4 26. a5 Ra4 27. Bb6 Nf6 28. Rd4 Rxd4 $1 29. Bxd4 Rb5 {[%emt 0:00:12] [#]} (29... Nd7 $1 $11 {remains equal.}) 30. Bb6 $1 Nd7 31. Bf1 Rxd5 (31... Rxb6 {might work better.} 32. axb6 Nxb6 33. Bxa6 Nxd5) 32. Bxa6 e5 $2 (32... Rf5 {was worth a try.} 33. Kc1 Kf8) 33. Bc4 Rd2 34. Be3 d5 $18 1-0

[Event "Gibraltar Challengers B 2020"]
[Site "Caleta"]
[Date "2020.01.27"]
[Round "3.27"]
[White "Raghav, Srivathsav V"]
[Black "Hng, Mei-Xian Eunice"]
[Result "1-0"]
[ECO "B20"]
[WhiteElo "2023"]
[BlackElo "1661"]
[Annotator "NA"]
[PlyCount "87"]
[EventDate "2020.01.20"]
[EventType "swiss"]
[EventCountry "GGB"]
[SourceTitle "playchess.com"]
[Source "ChessBase"]
[SourceQuality "1"]
[TimeControl "6600+10"]

1. e4 c5 2. b3 d6 3. Bb2 Nf6 4. Nc3 g6 5. g3 Bg7 6. Bg2 Nc6 7. Nge2 O-O 8. O-O Bd7 9. h3 Rc8 10. f4 a6 11. a4 Qc7 12. g4 Nd4 13. Ng3 e6 14. Kh1 h6 15. Nce2 e5 16. d3 Bxg4 17. hxg4 Nxg4 18. Bc1 Nxe2 19. Qxe2 exf4 20. Bxf4 Bxa1 21. Rxa1 Qd7 22. Rf1 h5 23. Bh3 Rfe8 24. Kg2 b5 25. axb5 axb5 26. Bxg4 Qxg4 27. Qxg4 hxg4 28. Bxd6 c4 29. bxc4 bxc4 30. d4 Ra8 31. e5 Ra2 32. Rf2 Ra1 33. Ne4 Rd8 34. Nf6+ Kg7 35. Nxg4 Rd1 36. c3 Re8 37. Bb4 Rb8 38. Ne3 {[%emt 0:00:57] Double Attack} Rc1 39. d5 Rb5 40. d6 Re1 41. d7 Rb8 $18 42. Nxc4 Re4 43. Na5 Rd8 44. Rd2 1-0

[Event "Gibraltar Challengers B 2020"]
[Site "Caleta"]
[Date "2020.01.27"]
[Round "3.32"]
[White "Fernandez Lopategi, Jon Andoni"]
[Black "Omovie, Ejenavi"]
[Result "0-1"]
[ECO "D00"]
[WhiteElo "1987"]
[BlackElo "2089"]
[Annotator "NA"]
[PlyCount "100"]
[EventDate "2020.01.20"]
[EventType "swiss"]
[EventCountry "GGB"]
[SourceTitle "playchess.com"]
[Source "ChessBase"]
[SourceQuality "1"]
[TimeControl "6600+10"]

1. d4 d5 2. Bf4 Nf6 3. e3 c5 4. c3 Nc6 5. Nd2 Qb6 6. Qb3 c4 7. Qxb6 axb6 8. e4 e6 9. a3 b5 10. e5 Nd7 11. Rb1 Be7 12. Be3 O-O 13. Be2 f6 14. f4 f5 15. Nh3 Nb6 16. Nf3 Na4 17. Bd2 Na5 18. Bd1 Bd7 19. Bc2 h6 20. Nf2 g6 21. g4 Kf7 22. h4 Kg7 23. h5 Be8 24. Nh4 g5 $2 (24... Bxh4 $16 25. Rxh4 Nc6) 25. fxg5 hxg5 26. gxf5 gxh4 27. f6+ Bxf6 28. exf6+ Kxf6 29. Rxh4 Rg8 30. Ng4+ Ke7 31. Ne5 Nc6 {[%emt 0:00:27] [#]} 32. Bf4 (32. Nf3 $1 $18 {and the rest is easy.}) 32... Nxe5 33. Bxe5 Rg2 {[%emt 0:00:25] [#]} 34. Kd1 $2 {[%emt 0:03:22] [#]} (34. Rc1 $1 $16 {stays on course.}) 34... Rg1+ $2 ({Black should try} 34... b4 $1 $19 35. Kc1 (35. axb4 $2 Nxc3+ 36. bxc3 Ra2 $19) 35... bxc3 36. bxc3 Nxc3 37. Rxb7+ Kd8) 35. Kd2 Rg2+ 36. Kc1 Rg1+ $1 37. Bd1 Bf7 38. Rh2 (38. Kd2 $5 ) 38... Rag8 $2 (38... Bg8 $11 39. Kd2 Bh7) 39. h6 Bg6 ({Don't blunder} 39... Rxd1+ $2 40. Kxd1 Bg6 41. h7 $18) 40. h7 Rf8 41. h8=Q Rxh8 42. Rxh8 Bxb1 43. Kxb1 Rxd1+ 44. Kc2 Rf1 45. Rb8 $2 (45. Rh7+ $15 Rf7 46. Bd6+ Ke8 47. Rh2) 45... Rf2+ 46. Kc1 b6 47. Bc7 Rxb2 48. Bxb6 {[%emt 0:00:02] [#]} Rb3 $1 49. Ba5 Nxc3 50. Kc2 $19 Ne2 0-1

[Event "Gibraltar Challengers B 2020"]
[Site "Caleta"]
[Date "2020.01.27"]
[Round "3.33"]
[White "Kukic, Boris"]
[Black "Kaplan, Amiram"]
[Result "1-0"]
[ECO "D03"]
[WhiteElo "2056"]
[BlackElo "1880"]
[Annotator "NA"]
[PlyCount "121"]
[EventDate "2020.01.20"]
[EventType "swiss"]
[EventCountry "GGB"]
[SourceTitle "playchess.com"]
[Source "ChessBase"]
[SourceQuality "1"]
[TimeControl "6600+10"]

1. Nf3 Nf6 2. d4 d5 3. Bg5 Ne4 4. Bf4 h6 5. Nbd2 Bf5 6. e3 e6 7. Nxe4 Bxe4 8. Bd3 Bxd3 9. Qxd3 Bd6 10. O-O O-O 11. Bxd6 Qxd6 12. Rac1 Nd7 13. c4 c6 14. c5 Qc7 15. b4 a6 16. a4 e5 17. Qf5 g6 18. Qh3 e4 19. Nd2 Kg7 20. f4 Nf6 21. Nb3 Rfd8 22. Qg3 Nh5 23. Qe1 f5 24. Na5 Nf6 25. h3 h5 26. Rf2 Ra7 27. Rb2 Ng8 28. Ra1 Rda8 29. Nb3 Ne7 30. Raa2 Qd7 31. Na1 Rb8 32. Qe2 b6 33. cxb6 Rxb6 34. Nb3 Rxb4 35. Nc5 Rxb2 36. Qxb2 Qc8 (36... Qd6 $11 {and Black stays safe.}) 37. Qb6 Ra8 38. Rb2 Kf8 39. a5 Ke8 40. Qb4 Qc7 41. Kf2 h4 42. Kg1 Qc8 43. Na4 Qc7 44. Nc5 Qc8 45. Qe1 $142 Rb8 (45... Kf7 $142 46. Rb7 Rb8) 46. Rxb8 Qxb8 47. Nxa6 Qb2 48. Nc5 Qa3 49. a6 Kf7 50. Kh2 Nc8 51. Qxh4 Qxe3 52. Qh7+ Kf6 53. Nd7+ Ke6 {[%emt 0:00:03] [#]} 54. Nf8+ $1 {[%emt 0:00:18] Double Attack} Kf6 55. Qxg6+ Ke7 56. Qxf5 Qxd4 57. Qd7+ Kxf8 58. Qxc8+ Kg7 59. Qc7+ Kh6 60. a7 Qa4 61. Qb7 1-0

[Event "Gibraltar Challengers B 2020"]
[Site "Caleta"]
[Date "2020.01.27"]
[Round "3.34"]
[White "Boardman, Jeffrey"]
[Black "Skutta, Bernd"]
[Result "1-0"]
[ECO "B06"]
[WhiteElo "1972"]
[BlackElo "1998"]
[Annotator "NA"]
[PlyCount "40"]
[EventDate "2020.01.20"]
[EventType "swiss"]
[EventCountry "GGB"]
[SourceTitle "playchess.com"]
[Source "ChessBase"]
[SourceQuality "1"]
[TimeControl "6600+10"]

1. e4 g6 2. d4 Bg7 3. Nc3 c6 4. Bc4 e6 5. Nge2 d5 6. Bd3 Nd7 7. h4 e5 8. exd5 exd4 9. dxc6 bxc6 10. Ne4 Ne5 11. h5 Nf6 12. h6 Bf8 13. Nxd4 Bb4+ 14. Kf1 Nxe4 15. Bxe4 O-O 16. Be3 Qf6 17. c3 Ng4 {[%emt 0:01:48] [#]} (17... Bc5 $14) 18. Qf3 $1 Nxe3+ 19. fxe3 $18 Ba6+ 20. Kf2 Bc5 1-0

[Event "Gibraltar Challengers B 2020"]
[Site "Caleta"]
[Date "2020.01.27"]
[Round "3.36"]
[White "Nergard, Ole-Kristian"]
[Black "Verhoef, Jaap"]
[Result "0-1"]
[ECO "C56"]
[WhiteElo "1667"]
[BlackElo "2015"]
[Annotator "NA"]
[PlyCount "42"]
[EventDate "2020.01.20"]
[EventType "swiss"]
[EventCountry "GGB"]
[SourceTitle "playchess.com"]
[Source "ChessBase"]
[SourceQuality "1"]
[TimeControl "6600+10"]

1. e4 e5 2. Nf3 Nc6 3. d4 exd4 4. Bc4 Nf6 5. e5 d5 6. Bb5 Ne4 7. Nxd4 Bc5 8. Be3 O-O 9. Nxc6 bxc6 10. Bxc5 Nxc5 11. Bxc6 Ba6 12. Bxa8 Qg5 $1 13. Qd3 d4 14. Qxd4 Qc1+ {[%emt 0:06:09] Double Attack} 15. Qd1 Qxb2 16. Nd2 $19 (16. Qd5 Ne6 17. Kd2 Qxa1 18. g3) 16... Qxe5+ 17. Be4 Nxe4 18. Nxe4 Qxe4+ 19. Kd2 Rd8+ 20. Kc1 Qf4+ 21. Kb2 Qb4+ 0-1

[Event "Gibraltar Challengers B 2020"]
[Site "Caleta"]
[Date "2020.01.27"]
[Round "3.37"]
[White "Auvinen, Esa"]
[Black "Adewole, Adeyinka"]
[Result "0-1"]
[ECO "C14"]
[WhiteElo "1850"]
[BlackElo "1941"]
[Annotator "NA"]
[PlyCount "118"]
[EventDate "2020.01.20"]
[EventType "swiss"]
[EventCountry "GGB"]
[SourceTitle "playchess.com"]
[Source "ChessBase"]
[SourceQuality "1"]
[TimeControl "6600+10"]

1. e4 e6 2. d4 d5 3. Nc3 Nf6 4. Bg5 Be7 5. e5 Nfd7 6. Bxe7 Qxe7 7. f4 O-O 8. Nf3 f5 9. Be2 a6 10. O-O c5 11. dxc5 Nxc5 12. Nd4 Nc6 13. Nxc6 bxc6 14. Qd4 Rb8 15. b3 Ne4 16. Nxe4 fxe4 17. c3 c5 18. Qe3 Rd8 19. Rad1 Qa7 20. Rd2 Rb7 (20... Qe7 $11) 21. Rfd1 Rbd7 22. Bg4 Rf7 23. c4 d4 24. Qxe4 Bb7 25. Qd3 Qb6 26. Rf1 Rdf8 27. Rdf2 g6 28. g3 a5 29. Bf3 Bc8 30. Be4 Bd7 31. Bg2 Rb8 32. Be4 Bc6 33. Bxc6 Qxc6 34. Rb1 Rfb7 35. Qf3 Qxf3 36. Rxf3 a4 37. Kf1 Rb4 38. Ke2 Rxc4 {[%emt 0:01:28] Pin} 39. Kd2 Rcb4 40. Rc1 R8b5 41. g4 Kf7 $1 42. Rh3 h5 43. gxh5 gxh5 44. Rxh5 axb3 45. axb3 Rxb3 46. Rh7+ Kg6 47. Rc7 Rb2+ $2 (47... Rh3 $19 48. R7xc5 Rbb3) 48. Rc2 ({Only move:} 48. Kd3 $1 $15) 48... Rxc2+ 49. Kxc2 Kf5 50. Rf7+ Ke4 51. h4 $2 (51. f5 exf5 52. e6) 51... Ke3 52. h5 d3+ 53. Kc3 Rb4 $19 ({Inferior is} 53... d2 54. Rd7 $11) (53... Rb1 $142 54. Rd7 Rc1+ 55. Kb3 d2) 54. h6 d2 55. Rd7 Rd4 56. Rxd4 cxd4+ 57. Kc4 d1=Q 58. f5 Qc2+ 59. Kb5 Qxf5 0-1